Map: Rhoskallian LE

Players

PHOENIXFURY - Winner!

  • Race: Terran Terran
  • League: Platinum
  • Spawn Location: 6:00

ADMIN - Winner!

  • Race: Terran Terran
  • League: Diamond
  • Spawn Location: 5:00

Ekelpack

  • Race: Zerg Zerg
  • Spawn Location: 12:00

Nyck

  • Race: Terran Terran
  • Spawn Location: 11:00

VOD

Have the link to the VOD?

Description

Time

  • Played on: April 18, 2025, 3:44 p.m.
  • Length: 15:12
Show
View Real Time Build Order
Export as new Build Order

PHOENIXFURY Terran - Winner!

Build Orders:  

Get SALT Encoding   

  12  0:03  SCV  
  13  0:15  SCV  
  13  0:19  Supply Depot  
  14  0:33  SCV  
  15  0:44  Barracks  
  15  0:45  SCV  
  15  0:47  Refinery  
  16  0:57  SCV  
  17  1:09  SCV, Barracks  
  18  1:22  SCV  
  19  1:28  Barracks  
  19  1:36  Refinery  
  19  1:37  Reaper  
  20  1:46  Orbital Command  
  20  1:58  Reaper  
  21  2:02  Supply Depot  
  21  2:09  Reaper  
  23  2:15  Reaper  
  23  2:30  Reaper  
  23  2:33  Supply Depot  
  24  2:41  Reaper  
  25  2:58  Reaper  
  25  3:03  Reaper  
  26  3:23  Reaper  
  26  3:24  SCV  
  28  3:30  Reaper  
  29  3:36  SCV  
  30  3:48  SCV  
  28  3:50  Reaper  
  29  4:00  SCV, Barracks Reactor  
  29  4:01  Command Center  
  30  4:06  Factory  
  30  4:12  SCV  
  31  4:24  SCV  
  31  4:36  SCV  
  32  4:42  Engineering Bay  
  32  4:45  Command Center  
  32  4:48  SCV  
  33  4:57  Starport  
  33  5:00  SCV  
  33  5:02  Hellion x2  
  33  5:03  Barracks Tech Lab  
  38  5:11  Missile Turret  
  38  5:13  SCV  
  39  5:23  Stimpack  
  39  5:26  Hellion x2  
  43  5:32  Barracks Reactor  
  43  5:34  SCV  
  44  5:37  Orbital Command  
  44  5:46  SCV  
  44  5:49  Marine  
  45  5:50  Marine  
  46  6:07  Marine  
  46  6:14  Marine  
  45  6:24  Widow Mine  
  45  6:25  Marine, Widow Mine  
  47  6:29  SCV, Missile Turret  
  49  6:33  SCV  
  49  6:34  Missile Turret  
  50  6:41  SCV  
  50  6:45  SCV  
  52  6:52  Terran Infantry Weapons Level 1, Missile Turret  
  52  6:53  Barracks Tech Lab, SCV, Marine x2  
  55  6:54  Missile Turret  
  55  6:57  SCV, Widow Mine x2  
  58  7:11  Marine  
  58  7:13  Combat Shield  
  53  7:24  Marine x2  
  53  7:29  Marine  
  55  7:34  SCV, Refinery  
  55  7:35  SCV  
  57  7:42  Marine x2  
  59  7:46  Marine  
  60  7:58  Planetary Fortress  
  60  7:59  Marine  
  60  8:04  Refinery  
  61  8:18  Supply Depot  
  61  8:19  Missile Turret, Engineering Bay  
  61  8:21  Barracks Reactor  
  61  8:23  Marine, Medivac x2  
  61  8:24  SCV, Widow Mine  
  69  8:40  SCV, Marine, Widow Mine  
  69  8:41  Supply Depot, Marine  
  74  8:48  SCV x2  
  74  8:52  SCV  
  77  9:02  SCV x2, Marine x2  
  81  9:04  Supply Depot, SCV  
  75  9:20  Marine x2  
  77  9:29  Terran Infantry Armor Level 1  
  77  9:31  Missile Turret  
  77  9:38  Marine  
  78  9:42  SCV  
  78  9:43  SCV x2  
  81  9:54  SCV  
  81  9:55  SCV x2  
  81  9:56  Supply Depot  
  81  9:58  Missile Turret  
  84  10:01  Armory, Neosteel Armor  
  84  10:06  SCV, Command Center  
  84  10:24  Marine x3  
  84  10:25  Marine  
  84  10:26  Widow Mine x2, Medivac x2  
  84  10:27  SCV  
  97  10:36  SCV  
  97  10:42  Marine x4  
  100  10:51  Widow Mine  
  100  10:52  Widow Mine  
  92  10:57  Viking x2  
  92  11:01  SCV x3  
  92  11:02  Factory  
  97  11:08  Terran Vehicle Weapons Level 1, Armory  
  97  11:10  Marine  
  97  11:11  Concussive Shells, Marine  
  99  11:12  Starport  
  99  11:13  SCV x2  
  99  11:16  Refinery x2  
  99  11:17  SCV  
  102  11:18  Supply Depot  
  102  11:19  Supply Depot  
  102  11:21  Supply Depot  
  102  11:24  Planetary Fortress, Missile Turret  
  102  11:25  SCV x2  
  103  11:28  Marine x3  
  103  11:29  SCV, Marine  
  109  11:33  Barracks x2  
  109  11:37  SCV, Viking x2  
  109  11:38  SCV  
  115  11:40  Widow Mine x2  
  115  11:41  SCV  
  115  11:44  Supply Depot  
  115  11:45  Marine  
  115  11:46  Marine  
  122  11:49  SCV  
  122  11:50  SCV  
  122  11:52  Supply Depot, Marine x2  
  122  11:53  SCV  
  127  11:54  Supply Depot  
  127  11:56  Factory Tech Lab  
  127  12:00  Factory  
  127  12:01  SCV  
  127  12:02  SCV  
  127  12:05  SCV, Missile Turret  
  130  12:09  Supply Depot  
  130  12:15  SCV x2  
  131  12:18  SCV x2  
  131  12:21  Refinery  
  134  12:23  Starport Tech Lab  
  134  12:27  SCV, Drilling Claws  
  135  12:30  SCV  
  135  12:31  Barracks Reactor x2  
  135  12:36  SCV, Barracks  
  135  12:37  SCV, Refinery  
  138  12:39  SCV  
  138  12:42  SCV  
  140  12:49  SCV x2  
  140  12:50  Marine x2, Viking x3  
  150  12:51  SCV  
  128  13:20  Viking  
  113  13:41  Widow Mine x3, Viking  
  119  13:44  Raven, Marine  
  119  13:45  Marine x7  
  131  13:50  Viking  
  129  14:02  Marine, Widow Mine x3  
  136  14:03  Marine x2  
  136  14:04  Marine x5  
  142  14:11  SCV, Viking  
  142  14:12  SCV x3  
  148  14:18  Raven  
  148  14:19  Viking  
  148  14:20  Marine x3  
  148  14:22  Marine x3  
  148  14:23  Siege Tank  
  148  14:24  SCV x4, Factory Tech Lab  
  163  14:25  Supply Depot  
  165  14:33  Missile Turret  
  165  14:36  SCV x4  
  169  14:39  Missile Turret  
  169  14:41  Viking  
  171  14:47  Marine  
  171  14:48  Marine x5  
  177  14:55  Armory x2  
  177  14:59  Starport, Barracks Reactor  
  180  15:02  Barracks  
  180  15:07  Barracks  
Show
View Real Time Build Order
Export as new Build Order

ADMIN Terran - Winner!

Build Orders:  

Get SALT Encoding   

  12  0:00  SCV  
  13  0:12  SCV  
  14  0:18  Supply Depot  
  14  0:25  SCV  
  15  0:43  Barracks  
  15  0:51  Barracks  
  15  0:55  Refinery  
  15  1:02  Refinery  
  15  1:06  SCV  
  17  1:18  SCV  
  17  1:32  Reaper  
  18  1:37  Orbital Command  
  18  1:41  Reaper  
  19  1:50  Supply Depot  
  19  2:03  SCV  
  19  2:04  Reaper  
  21  2:15  Reaper  
  23  2:22  SCV  
  23  2:26  Factory  
  24  2:44  SCV  
  24  3:05  Barracks Reactor  
  23  3:24  SCV  
  23  3:41  SCV  
  24  3:42  Factory Tech Lab  
  24  3:44  Starport  
  24  3:46  Command Center  
  24  3:55  Marine  
  24  3:56  Marine  
  24  4:01  Siege Tank  
  27  4:10  SCV  
  27  4:16  Barracks Tech Lab  
  28  4:21  Supply Depot  
  28  4:22  SCV  
  28  4:23  Medivac  
  31  4:29  Supply Depot  
  31  4:36  Stimpack  
  31  4:42  SCV, Marine x3  
  35  4:46  Siege Tank  
  38  4:54  Supply Depot  
  38  4:59  Orbital Command  
  38  5:04  Marine x2  
  38  5:05  Marine  
  41  5:10  SCV  
  42  5:15  Medivac  
  44  5:25  Orbital Command  
  44  5:26  Engineering Bay  
  44  5:31  Barracks  
  44  5:40  Siege Tank  
  47  5:43  SCV  
  47  5:53  SCV  
  47  5:54  Marine  
  47  5:55  Marine x2  
  50  6:01  SCV  
  51  6:04  Terran Infantry Weapons Level 1  
  51  6:07  SCV  
  52  6:12  Medivac  
  52  6:13  Marine  
  52  6:14  Marine  
  52  6:18  SCV  
  57  6:22  Barracks Tech Lab  
  57  6:24  SCV  
  58  6:33  SCV, Barracks  
  58  6:35  Marine x3  
  58  6:39  SCV  
  62  6:47  Missile Turret  
  62  6:48  Missile Turret  
  62  6:49  SCV  
  62  6:53  Marine  
  62  6:54  Marine x3  
  64  6:56  SCV, Starport Reactor  
  64  7:00  Combat Shield  
  64  7:01  SCV  
  69  7:09  SCV  
  70  7:19  Supply Depot  
  70  7:20  Supply Depot  
  70  7:21  Barracks Reactor  
  70  7:28  SCV x2, Marine x2  
  74  7:30  Marine x2  
  74  7:36  Supply Depot  
  76  7:37  Supply Depot  
  76  7:40  Siege Tank, Liberator  
  76  7:41  Liberator  
  76  7:43  SCV x2  
  87  8:01  Marine x4  
  87  8:02  Marine x2  
  87  8:03  SCV x2  
  95  8:07  Refinery x2, Terran Infantry Armor Level 1  
  95  8:15  SCV  
  95  8:18  SCV  
  97  8:21  Engineering Bay  
  97  8:23  Concussive Shells, Armory  
  97  8:24  Marine x3  
  97  8:25  Marine  
  101  8:27  Marine  
  101  8:30  SCV  
  101  8:31  SCV  
  104  8:37  Supply Depot  
  104  8:52  Command Center  
  104  8:53  Liberator  
  104  8:54  Medivac  
  109  8:56  SCV  
  109  8:59  SCV  
  109  9:00  Supply Depot  
  111  9:04  Supply Depot  
  111  9:05  Supply Depot  
  111  9:12  SCV x2  
  113  9:19  Marine x4  
  113  9:20  Marine  
  113  9:22  Marine  
  113  9:23  Terran Infantry Weapons Level 2  
  119  9:29  Supply Depot  
  119  9:32  Missile Turret  
  119  9:33  Supply Depot  
  119  9:35  SCV  
  119  9:36  SCV  
  119  9:37  Marine x2  
  123  9:44  Barracks  
  123  9:47  SCV  
  123  9:48  SCV  
  125  9:55  Liberator x2  
  125  9:59  SCV  
  132  10:03  Marine x4  
  136  10:10  Marine x2  
  136  10:11  SCV  
  136  10:14  Orbital Command  
  133  10:52  Viking x2  
  133  10:55  SCV, Starport  
  138  10:57  Marine x3  
  138  10:58  Marine x3, Starport  
  138  10:59  Cyclone  
  147  11:15  Marine x5  
  152  11:22  Viking x2  
  119  11:40  Cyclone  
  119  11:42  Barracks Reactor  
  119  11:44  SCV x2  
  119  11:46  SCV  
  122  11:49  Command Center  
  122  11:53  Medivac x2  
  125  11:54  Marine x4  
  125  11:55  Marine x2  
  125  11:56  SCV  
  125  11:58  Viking  
  134  12:03  Viking  
  136  12:12  Marine x2  
  138  12:23  Terran Infantry Weapons Level 3  
  138  12:26  Terran Ship Weapons Level 1  
  138  12:27  Terran Infantry Armor Level 2  
  138  12:30  Viking  
  138  12:31  Viking x2  
  138  12:36  Marine x5  
  151  12:37  Marine, Marauder x2  
  154  12:53  Ghost Academy  
  154  13:00  Supply Depot, Marine x5, Marauder x2  
  154  13:02  Refinery  
  163  13:13  Viking x3  
  163  13:16  Command Center  
  169  13:21  Marauder  
  169  13:22  Armory  
  169  13:23  Refinery  
  171  13:27  Personal Cloaking  
  171  13:31  Planetary Fortress  
  171  13:32  SCV x2  
  165  14:15  Viking x4  
  170  14:45  Marine x5  
  173  14:46  Marine x3  
Show
View Real Time Build Order
Export as new Build Order

Ekelpack Zerg 

Build Orders: Hatch First 

Get SALT Encoding   

  12  0:00  Drone  
  13  0:12  Overlord  
  13  0:18  Drone  
  14  0:31  Drone x2  
  14  0:34  Drone  
  17  0:52  Hatchery  
  17  0:55  Drone  
  17  0:59  Drone  
  18  1:09  Extractor  
  17  1:15  Spawning Pool  
  17  1:17  Drone  
  17  1:21  Drone  
  18  1:29  Drone  
  19  1:39  Drone  
  20  2:02  Queen  
  20  2:04  Queen  
  20  2:05  Drone  
  25  2:15  Spine Crawler  
  25  2:20  Metabolic Boost  
  24  2:23  Zergling x6  
  27  2:31  Spine Crawler  
  27  2:36  Overlord  
  26  2:50  Lair  
  27  2:58  Zergling x6  
  27  2:59  Zergling x2  
  30  3:14  Zergling x8  
  30  3:15  Zergling x2  
  31  3:44  Zergling x2  
  31  3:45  Zergling x2, Overlord  
  31  3:46  Zergling x4  
  35  4:06  Drone x4  
  35  4:07  Drone x2  
  41  4:10  Extractor  
  41  4:13  Extractor  
  41  4:14  Spire  
  41  4:15  Drone  
  36  4:37  Drone x2  
  36  4:38  Overlord  
  38  4:40  Drone x3  
  41  4:48  Drone  
  41  4:50  Overlord  
  42  4:55  Drone  
  42  4:59  Drone  
  45  5:00  Drone  
  45  5:01  Overlord  
  45  5:08  Overlord  
  45  5:09  Extractor  
  44  5:20  Drone x3  
  47  5:39  Drone  
  47  5:41  Mutalisk x4  
  47  5:42  Mutalisk  
  49  6:00  Zergling x6  
  49  6:01  Zergling x4  
  54  6:17  Zerg Flyer Weapons Level 1  
  54  6:33  Mutalisk  
  54  6:34  Mutalisk x4  
  54  6:36  Zergling x2  
  54  6:37  Zergling x8  
  69  7:00  Evolution Chamber  
  69  7:01  Evolution Chamber  
  64  7:29  Mutalisk  
  62  7:30  Mutalisk x5  
  62  7:31  Zergling x2, Overlord  
  62  7:32  Overlord x2  
  75  7:43  Overlord  
  75  8:16  Zerg Flyer Weapons Level 2  
  75  8:18  Zerg Melee Weapons Level 1, Zerg Ground Armor Level 1  
  75  8:20  Zergling x2  
  75  8:21  Zergling x14  
  83  8:38  Infestation Pit  
  83  8:39  Hatchery  
  69  9:13  Mutalisk  
  69  9:14  Mutalisk x5  
  77  9:22  Zergling x12  
  83  9:31  Hive  
  83  10:00  Drone x5  
  88  10:10  Drone x6  
  88  10:24  Zergling x2  
  88  10:25  Zergling x6  
  33  11:06  Mutalisk x5  
  33  11:07  Mutalisk x2  
  42  11:22  Queen  
  44  11:27  Drone  
  44  11:29  Drone  
  44  11:44  Drone  
  44  11:45  Extractor  
  42  11:51  Adrenal Glands  
  42  11:55  Drone  
  42  11:58  Zergling x2  
  42  11:59  Zergling x12  
  50  12:16  Drone x2  
  52  12:33  Drone x2  
  52  12:35  Extractor  
  53  12:40  Ultralisk Cavern  
  45  13:03  Zergling x22  
  37  13:57  Ultralisk  
  37  13:58  Hatchery  
  33  14:15  Ultralisk x3  
  47  14:18  Anabolic Synthesis  
Show
View Real Time Build Order
Export as new Build Order

Nyck Terran 

Build Orders:  

Get SALT Encoding   

  12  0:00  SCV  
  13  0:12  SCV  
  14  0:18  Supply Depot  
  14  0:24  SCV  
  15  0:40  SCV  
  16  0:42  Barracks  
  16  0:52  SCV  
  16  0:56  Refinery  
  17  1:03  Barracks  
  17  1:07  SCV  
  18  1:20  SCV  
  19  1:34  Orbital Command  
  19  1:39  Reaper  
  20  1:54  Barracks Tech Lab  
  20  2:01  Supply Depot  
  20  2:06  SCV  
  21  2:12  Reaper  
  22  2:23  Marauder  
  22  2:26  Supply Depot  
  24  2:33  Concussive Shells  
  24  2:39  SCV  
  25  2:45  Command Center  
  22  3:00  Reaper  
  20  3:10  Marauder  
  12  3:31  Marauder  
  12  3:32  SCV  
  9  3:49  SCV  
  9  4:03  SCV  
  8  4:33  SCV  
  8  4:35  Marauder  
  11  4:46  SCV  
  12  4:57  Command Center  
  12  4:58  SCV  
  13  5:16  SCV  
  13  5:18  Marauder  
  13  5:21  Orbital Command  
  16  5:29  SCV, Refinery  
  17  5:39  Marauder  
  17  5:41  SCV  
  20  5:54  SCV  
  21  5:58  Orbital Command  
  18  6:14  SCV  
  18  6:24  SCV x2  
  20  6:26  SCV  
  21  6:38  SCV, Factory  
  23  6:40  SCV x2  
  24  6:50  SCV  
  24  6:51  Refinery  
  26  6:55  SCV  
  26  6:58  SCV  
  27  7:02  SCV  
  27  7:06  Refinery  
  28  7:12  SCV x2  
  30  7:18  SCV  
  31  7:26  Factory  
  31  7:30  Starport  
  31  7:32  Factory Tech Lab  
  31  7:34  Orbital Command, SCV x2  
  33  7:46  SCV x2  
  35  7:56  Barracks Reactor  
  35  7:58  SCV  
  35  7:59  SCV  
  35  8:02  SCV  
  38  8:13  Starport  
  38  8:19  Fusion Core  
  38  8:27  SCV x2  
  40  8:36  Orbital Command  
  40  8:42  SCV x2  
  40  8:43  Factory Tech Lab  
  40  8:47  Marauder  
  44  8:48  Marine  
  44  8:49  Marine  
  46  8:56  SCV x2  
  46  9:02  SCV  
  49  9:08  SCV  
  50  9:11  Siege Tank  
  50  9:13  Battlecruiser  
  50  9:14  Starport Tech Lab  
  59  9:24  SCV  
  59  9:25  SCV x2  
  59  9:29  Refinery  
  59  9:31  Refinery  
  62  9:33  Marine x2, Marauder  
  62  9:36  SCV  
  62  9:37  SCV x2  
  69  9:42  Supply Depot  
  69  9:46  Supply Depot  
  69  10:04  SCV x2, Battlecruiser  
  77  10:07  SCV  
  78  10:16  SCV x2  
  78  10:17  Weapon Refit  
  78  10:19  SCV  
  81  10:37  Siege Tank  
  81  10:39  SCV  
  81  10:41  SCV x2  
  84  10:49  Marine  
  85  10:50  Marine  
  85  10:52  SCV  
  85  10:53  SCV  
  85  11:02  Marauder  
  85  11:21  SCV, Marine  
  85  11:22  Marine  
  85  11:24  Marauder  
  84  11:27  Supply Depot  
  84  11:28  Supply Depot, Siege Tank  
  84  11:29  Battlecruiser x2  
  94  11:45  Marauder  
  94  11:46  Marine  
  97  11:47  Marine  
  97  11:51  SCV x3  
  101  12:01  Supply Depot  
  101  12:10  Armory  
  101  12:13  Armory  
  101  12:20  SCV x3  
  104  12:24  Supply Depot  
  104  12:33  Battlecruiser, Starport  
  104  12:36  Starport  
  118  12:37  Hellion  
  118  12:40  SCV x2  
  118  12:41  SCV  
  123  12:58  Hellion  
  123  13:11  Command Center  
  109  13:20  Hellion  
  106  13:27  Command Center  
  106  13:32  Starport Tech Lab  
  106  13:33  Starport Tech Lab  
  102  13:41  Hellion  
  102  13:45  Battlecruiser  
  102  13:46  Battlecruiser  
  112  14:17  SCV x3  
  112  14:23  Viking  
  123  14:25  Orbital Command  
  81  14:56  Refinery x2  
Tags
 
Add a new tag
Caveats
  • Supply blocks, unpowered buildings, or Contaminate may cause inaccurate times.
  • Supply counts are checked every 10 seconds.